 Dungeon Crawl Stone Soup version 0.17-a0-1663-gb806841 (webtiles) character file.

107 nuthulu the Vexing (level 4, -4/30 HPs)
             Began as a Vampire Enchanter on Aug 16, 2015.
             Slain by an orc
             ... wielding a +0 mace
              (8 damage)
             ... on level 3 of the Dungeon.
             The game lasted 00:08:53 (2440 turns).

nuthulu the Vexing (Vampire Enchanter)              Turns: 2440, Time: 00:08:53

Health: -4/30      AC:  4    Str:  8    XL:     4   Next: 56%
Magic:  5/8        EV:  7    Int: 17    God:
Gold:   82         SH:  0    Dex: 14    Spells: 4 memorised, 0 levels left

rFire  . . .     SeeInvis +     a - +1 dagger
rCold  . . .     Clarity  .     b - +1 robe
rNeg   + . .     SustAt   .     (no shield)
rPois  .         Gourm    .     h - +0 helmet
rElec  .         Spirit   .     (no cloak)
rCorr  .         Warding  +     (no gloves)
rMut   .         Stasis   .     (no boots)
MR     .....                    j - amulet of warding
Stlth  +++.......               (no ring)
                                (no ring)

@: regenerating quickly, not resistant to hostile enchantments, fairly stealthy
A: fangs 3, see invisible, unbreathing
a: no special abilities


You were on level 3 of the Dungeon.
You were very full.

You visited 1 branch of the dungeon, and saw 3 of its levels.

You collected 82 gold pieces.

Inventory:

Hand weapons
 a - a +1 dagger (weapon)
Armour
 b - a +1 robe (worn)
 h - a +0 helmet (worn)
Jewellery
 j - an amulet of warding (around neck)
Scrolls
 i - a scroll of remove curse
 k - a scroll of fog
 l - 3 scrolls of identify
Potions
 d - 3 potions of blood
 e - a potion of curing
 f - a potion of ambrosia {unknown}
 g - a potion of agility {unknown}
Books
 c - a book of Maledictions

   Spells                             Type                      Level
   a - Corona                         Hexes                        1
   b - Ensorcelled Hibernation        Hexes/Ice                    2
   c - Confuse                        Hexes                        3
   d - Tukima's Dance                 Hexes                        3
   e - Dazzling Spray                 Conjuration/Hexes            3


   Skills:
 - Level 1.1 Short Blades
 - Level 2.1 Dodging
 + Level 5.6 Stealth
 + Level 3.1 Spellcasting
 + Level 5.9 Hexes


You couldn't memorise any spells.
You knew the following spells:

 Your Spells              Type           Power        Failure   Level  Hunger
a - Corona                Hex            ###....      1%          1    None
b - Ensorcelled Hibernat  Hex/Ice        ##....       10%         2    ##.....
c - Tukima's Dance        Hex            ###.....     6%          3    ###....
d - Dazzling Spray        Conj/Hex       ##......     17%         3    ###....


Dungeon Overview and Level Annotations

Branches:
Dungeon (3/15)

Altars:
Vehumet


Innate Abilities, Weirdness & Mutations

Your natural rate of healing is unusually fast.
You have razor-sharp teeth.
You have supernaturally acute eyesight.
You can survive without breathing.


Message History

The orc wizard hits your falchion but does no damage.
The orc closely misses you. The orc hits your falchion.
The orc hits you with a mace.
The orc wizard gestures wildly while chanting.
The orc wizard seems to speed up.
An orc comes into view. It is wielding a trident.
The orc moves out of view.
Your falchion misses the orc wizard. The orc hits you but does no damage.
The orc closely misses your falchion. The orc wizard barely misses you.
Your falchion falls from the air.
The orc wizard hits you but does no damage.
The orc hits you with a flail!
* * * LOW HITPOINT WARNING * * *
The orc wizard closely misses you.
There is a stone staircase leading up, spattered with blood here.
You see here a whip.
The goblin hits you with a dagger.
* * * LOW HITPOINT WARNING * * *
The orc wizard closely misses you. The orc hits you with a mace!
You die...

.......
........#
o.......#
....o...#
...$....#
.......#
.......########
#.oo@.....#
#.)ogo.$..#
#.†.......#
#.........#
#.........#
#...........
#....##+#####
#...## #..##


You could see an orc wizard, 4 orcs and a goblin.

Vanquished Creatures
  Ijyb (D:2)
  2 adders (D:2)
  3 worms (D:2)
  3 giant geckos
  An orc (D:3)
  5 bats
  6 goblins
  6 hobgoblins (D:1)
  2 jackals (D:1)
  5 kobolds
  A quokka (D:2)
  A ball python (D:2)
  3 giant cockroaches
  5 giant newts
  9 rats
53 creatures vanquished.

Vanquished Creatures (collateral kills)
  An orc (D:3)
1 creature vanquished.

Grand Total: 54 creatures vanquished

Notes
Turn   | Place    | Note
--------------------------------------------------------------
     0 | D:1      | nuthulu the Vampire Enchanter began the quest for the Orb.
     0 | D:1      | Reached XP level 1. HP: 13/13 MP: 3/3
   282 | D:1      | Reached XP level 2. HP: 19/19 MP: 5/5
   286 | D:1      | Learned a level 2 spell: Ensorcelled Hibernation
   866 | D:1      | Reached skill level 5 in Hexes
   952 | D:1      | Reached XP level 3. HP: 24/24 MP: 7/7
  1256 | D:2      | Noticed Ijyb
  1303 | D:2      | Killed Ijyb
  1303 | D:2      | Reached skill level 5 in Stealth
  1411 | D:2      | Learned a level 3 spell: Tukima's Dance
  1500 | D:2      | Found a radiant altar of Vehumet.
  1639 | D:2      | Reached XP level 4. HP: 30/30 MP: 8/8
  2407 | D:2      | Learned a level 3 spell: Dazzling Spray
  2440 | D:3      | Slain by an orc

Vault maps used:
D:1:      minmay_arrival_checkered_box
D:2:      nicolae_overflow_hidden_temple, uniq_iyjb
D:3:      first_bread, dk_noncrumbling_3

Action                   |  1- 3 |  4- 6 || total
-------------------------+-------+-------++-------
Melee: Dagger            |   143 |    49 ||   192
 Cast: Corona            |    11 |     1 ||    12
       Ensorcelled Hiber |     4 |    10 ||    14
       Tukima's Dance    |       |     1 ||     1
  Use: Potion            |     2 |       ||     2
       Scroll            |     3 |     2 ||     5
 Stab: Sleeping          |     9 |    10 ||    19
       Distracted        |     1 |       ||     1
  Eat: Corpse            |    11 |     5 ||    16
